 Dungeon Crawl Stone Soup version 0.28-a0-1080-g05a166d0ed (webtiles) character file.

Game seed: 9409899133016547728

105 enile the Magician (level 4, -2/28 HPs)
             Began as an Octopode Hedge Wizard on Dec 9, 2021.
             Slain by a gnoll (15 damage)
             ... on level 3 of the Dungeon.
             The game lasted 00:05:50 (2639 turns).

enile the Magician (Octopode Hedge Wizard)          Turns: 2639, Time: 00:05:50

Health: -2/28      AC:  1    Str: 11    XL:     4   Next: 83%
Magic:  0/8        EV: 13    Int: 16    God:
Gold:   97         SH:  0    Dex: 11    Spells: 5/9 levels left

rFire   . . .      SeeInvis .   n - +1 dagger (venom)
rCold   . . .      Faith    .   (no shield)
rNeg    . . .      Spirit   .   b - +0 hat
rPois   .          Reflect  .   (no amulet)
rElec   .          Harm     .   (no ring)
rCorr   .          Rampage  .   (no ring)
Will    .....                   (no ring)
Stlth   +++.......              (no ring)
HPRegen 0.09/turn               (no ring)
MPRegen 0.11/turn               (no ring)
                                (no ring)
                                (no ring)

@: very slightly contaminated
A: almost no armour, amphibious, 8 rings, camouflage 1, gelatinous body 1,
(nimble swimmer 1), tentacles
a: no special abilities


You were on level 3 of the Dungeon.
You visited 1 branch of the dungeon, and saw 3 of its levels.

You collected 97 gold pieces.

Inventory:

Hand Weapons
 a - a +0 dagger
 e - a +2 vampiric short sword
 n - a +1 dagger of venom (weapon)
Armour
 b - a +0 hat (worn)
 i - a +0 kite shield
Wands
 m - a wand of digging (6)
Scrolls
 f - a scroll of blinking {unknown}
 g - a scroll of noise {unknown}
 k - a scroll of brand weapon {unknown}
 l - a scroll of identify {unknown}
Potions
 d - a potion of lignification


   Skills:
 - Level 1.0 Fighting
 + Level 1.9 Short Blades
 - Level 2.0 Dodging
 - Level 3.0 Stealth
 - Level 3.0 Spellcasting
 - Level 2.0 Conjurations
 - Level 2.0 Hexes
 - Level 2.0 Summonings
 - Level 1.0 Translocations


You had 5 spell levels left.
You knew the following spells:

 Your Spells              Type           Power      Damage    Failure   Level
a - Magic Dart            Conj           32%        1d4       9%          1
b - Slow                  Hex            32%        N/A       9%          1
c - Call Imp              Summ           8%         N/A       12%         2

Your spell library contained the following spells:

 Spells                   Type           Power      Damage    Failure   Level
 Blink                    Tloc           10%        N/A       19%         2
 Conjure Flame            Conj/Fire      5%         6-21      36%         3
 Mephitic Cloud           Conj/Pois/Air  4%         N/A       38%         3


Dungeon Overview and Level Annotations

Branches:
Dungeon (3/15)

Altars:


Innate Abilities, Weirdness & Mutations

You cannot wear most types of armour.
You are amphibious.
You can wear up to eight rings at the same time.
Your skin changes colour to match your surroundings (Stealth+).
Your rubbery body absorbs attacks. (AC +1, EV +1)
((You are camouflaged near water. (Stealth+)))
You have tentacles for arms and can constrict up to eight enemies at once.


Message History

Casting: Call Imp (safe; 12% risk of failure)
Confirm with . or Enter, or press ? or * to list all spells.
A beastly little devil appears in a puff of flame.
Your crimson imp disappears in a puff of smoke!
Your crimson imp barely misses the gnoll.
Your crimson imp hits the gnoll but does no damage.
Your crimson imp hits the gnoll.
Casting: Call Imp (safe; 12% risk of failure)
Confirm with . or Enter, or press ? or * to list all spells.
You don't have enough magic to cast this spell.
Your crimson imp barely misses the gnoll.
Found a stone staircase leading down.
Found a war axe.
Found a tower shield.
Casting: Call Imp (safe; 12% risk of failure)
Confirm with . or Enter, or press ? or * to list all spells.
Aiming: Slow (safe; 9% risk of failure)
Press: ? - help, Shift-Dir - straight line, f/p - gnoll
Aim: a gnoll, wielding a +2 vampiric halberd (heavily wounded, chance to affect: 51%)
The gnoll resists with significant effort.
Casting: Slow (safe; 9% risk of failure)
Confirm with . or Enter, or press ? or * to list all spells.
Aiming: Slow (safe; 9% risk of failure)
Press: ? - help, Shift-Dir - straight line, f/p - gnoll
Aim: a gnoll, wielding a +2 vampiric halberd (heavily wounded, chance to affect: 51%)
The gnoll seems to slow down.
You see here a +0 tower shield.
Casting: Slow (safe; 9% risk of failure)
Confirm with . or Enter, or press ? or * to list all spells.
Aiming: Magic Dart (safe; 9% risk of failure)
Press: ? - help, Shift-Dir - straight line, f/p - gnoll
Aim: a gnoll, wielding a +2 vampiric halberd (heavily wounded, slow, 100% to hit)
You miscast Magic Dart.
You are very lightly contaminated with residual magic.
Nothing appears to happen.
The gnoll closely misses you.
You see here a +0 tower shield.
The gnoll hits you with a +2 vampiric halberd!
Ouch! That really hurt!
You die...

#.# #.# #.### # #...
. ###.##### #
########.......#
#.....##.......# ###
#..............###..
#.[@g..........5....
#####........#......
#........#......
#........#......
#........#####..
#........# ###..
#....#>.).......
#....#########.. #..


You could see a gnoll (slow).

Vanquished Creatures
  2 adders (D:2)
  3 gnolls (D:3)
  A dart slug (D:3)
  An orc (D:3)
  6 bats
  4 endoplasms (D:1)
  4 giant cockroaches
  5 goblins
  5 hobgoblins (D:1)
  3 jackals (D:1)
  2 quokkas
  3 ball pythons (D:1)
  4 frilled lizards (D:1)
  5 kobolds
  5 rats
53 creatures vanquished.

Vanquished Creatures (collateral kills)
  A kobold (D:2)
1 creature vanquished.

Grand Total: 54 creatures vanquished

Notes
Turn   | Place    | Note
-------+----------+-------------------------------------------
     0 | D:1      | enile the Octopode Hedge Wizard began the quest for the
                  | Orb.
     0 | D:1      | Reached XP level 1. HP: 11/11 MP: 4/4
   186 | D:1      | Reached skill level 1 in Fighting
   191 | D:1      | Reached XP level 2. HP: 13/18 MP: 1/6
   199 | D:1      | Learned a level 1 spell: Slow
   687 | D:1      | Reached XP level 3. HP: 22/23 MP: 2/7
   747 | D:1      | Reached skill level 1 in Short Blades
  1166 | D:1      | Reached skill level 1 in Hexes
  1627 | D:2      | Learned a level 2 spell: Call Imp
  1759 | D:2      | Reached XP level 4. HP: 28/28 MP: 5/8
  2639 | D:3      | Slain by a gnoll

Illustrated notes

Levels and vault maps discovered:
D:1:      dpeg_arrival_boxorama, layout_basic
D:2:      layout_basic
D:3:      layout_basic, mainiacjoe_overflow_catch_the_wave

Skill      XL: |  1  2  3  4 |
---------------+-------------+-----
Fighting       | 1 |  1.0
Stealth        | 3 |  3.0
Conjurations   | 2 |  2.0
Short Blades   | 1 |  1.9
Hexes          | 2 |  2.0
Summonings     | 2 |  2.0
Dodging        | |  2.0
Spellcasting   | |  3.0
Translocations | |  1.0

Action                   |  1- 3 |  4- 6 || total
-------------------------+-------+-------++-------
Melee: Dagger            |    24 |     8 ||    32
       Tentacles         |    12 |       ||    12
       Constrict         |    13 |     3 ||    16
       Short sword       |    31 |     1 ||    32
 Cast: Magic Dart        |    62 |    21 ||    83
       Slow              |     7 |     8 ||    15
       Call Imp          |     1 |     2 ||     3
  Use: Potion            |       |     4 ||     4
 Stab: Sleeping          |       |     1 ||     1
Armor: Skin              |    12 |     3 ||    15
Dodge: Dodged            |    47 |     8 ||    55

Table legend: (Time is in decaauts)
 A = Elapsed time spent in this place.
 B = Non-inter-level travel time spent in this place.
 C = Inter-level travel time spent in this place.
 D = Time resting spent in this place.
 E = Time spent auto-exploring this place.
 F = Levels seen in this place.
 G = Mean time per level.
                   A        B        C        D        E       F      G
               +--------+--------+--------+--------+--------+-----+--------+
         Total |   2639 |   2596 |     43 |      0 |   2227 |   3 |  879.7 |
       Dungeon |   2639 |   2596 |     43 |      0 |   2227 |   3 |  879.7 |
               +--------+--------+--------+--------+--------+-----+--------+

Top non-repeatable levels by time:
     D:1: 1489 daAuts
     D:2: 804 daAuts
     D:3: 345 daAuts
